 Dungeon Crawl Stone Soup version 0.30-a0-359-gd0147acb1a (webtiles) character file.

Game seed: 14241033818370947209

3056 mcwallace the Trooper (level 9, -4/64 HPs)
             Began as an Octopode Air Elementalist on Nov 12, 2022.
             Was an Elder of Cheibriados.
             Collided with a rock wall (19 damage)
             ... caused by Erica
             ... on level 8 of the Dungeon.
             The game lasted 00:20:53 (9031 turns).

mcwallace the Trooper (Octopode Air Elementalist)   Turns: 9031, Time: 00:20:53

Health: -4/64      AC:  1    Str: 16    XL:     9   Next: 87%
Magic:  9/17       EV: 21    Int: 31    God:    Cheibriados [****..]
Gold:   361        SH:  0    Dex: 21    Spells: 9/19 levels left

rFire   . . .      SeeInvis .    n - +2 short sword (venom) {short}
rCold   . . .      Faith    .    (no shield)
rNeg    + . .      Spirit   .    (helmet restricted)
rPois   .          Reflect  .    (no amulet)
rElec   .          Harm     .    i - +4 ring of evasion
rCorr   .          Rampage  .    r - ring of positive energy
Will    .....                    (no ring)
Stlth   ++++......               (no ring)
HPRegen 0.30/turn                (no ring)
MPRegen 0.15/turn                (no ring)
                                 (no ring)
                                 (no ring)

@: slowed, studying Fighting, very slow
A: almost no armour, amphibious, 8 rings, camouflage 1, gelatinous body 1,
(nimble swimmer 1), tentacles, wild magic 1, MP-powered wands
a: Renounce Religion, Bend Time, Temporal Distortion, Slouch


You were on level 8 of the Dungeon.
You worshipped Cheibriados.
Cheibriados was greatly pleased with you.
You visited 1 branch of the dungeon, and saw 8 of its levels.

You collected 361 gold pieces.


Innate Abilities, Weirdness & Mutations

You cannot wear most types of armour.
You are amphibious.
You can wear up to eight rings at the same time.
Your skin changes colour to match your surroundings (Stealth+).
Your rubbery body absorbs attacks. (AC +1, EV +1)
((You are camouflaged when in or above water. (Stealth+)))
You have tentacles for arms and can constrict up to eight enemies at once.
Your spells are a little harder to cast, but a little more powerful.
You expend magic power (3 MP) to strengthen your wands.


   Skills:
 + Level 7.2 Fighting
 + Level 6.1 Dodging
 - Level 2.6 Stealth
 + Level 5.6 Spellcasting
 + Level 4.4 Conjurations
 + Level 6.4 Air Magic
 + Level 5.3 Invocations


You had 9 spell levels left.
You knew the following spells:

 Your Spells              Type           Power      Damage    Failure   Level
a - Shock                 Conj/Air       100%       1d9       1%          1
b - Static Discharge      Conj/Air       100%       2-7/arc   1%          2
c - Swiftness             Air            59%        N/A       2%          3
d - Airstrike             Air            29%        2d(5-21)  6%          4

Your spell library contained the following spells:

 Spells                   Type           Power      Damage    Failure   Level
 Gell's Gravitas          Tloc           11%        N/A       22%         3
 Lesser Beckoning         Tloc           22%        N/A       22%         3
 Summon Guardian Golem    Hex/Summ       11%        N/A       22%         3
 Teleport Other           Tloc           11%        N/A       22%         3
 Animate Dead             Necr           11%        N/A       54%         4
 Borgnjor's Vile Clutch   Necr/Erth      5%         N/A       87%         5
 Death Channel            Necr           5%         N/A       100%        6
 Orb of Destruction       Conj           23%        9d8       100%        7
 Spellforged Servitor     Conj/Summ      14%        N/A       100%        7

Inventory:

Hand Weapons
 d - a +1 vampiric spear {polearm}
   (You took it off a gnoll on level 4 of the Dungeon)
 h - a +0 war axe {axe}
   (You found it on level 1 of the Dungeon)
 j - a +0 whip {mace}
   (You took it off a kobold on level 1 of the Dungeon)
 n - a +2 short sword of venom (weapon) {short}
   (You found it on level 2 of the Dungeon)
Missiles
 b - 80 stones {throwing}
 e - 4 atropa-tipped darts {throwing}
 y - 15 poisoned darts {throwing}
 C - 4 boomerangs {throwing}
Jewellery
 i - a +4 ring of evasion (left tentacle)
   (You found it on level 1 of the Dungeon)
 r - a ring of positive energy (right tentacle)
   (You took it off a hobgoblin on level 2 of the Dungeon)
Wands
 t - a wand of polymorph (5)
   (You found it on level 3 of the Dungeon)
 F - a wand of roots (9)
   (You took it off a kobold on level 7 of the Dungeon)
 K - a wand of charming (2)
   (You found it on level 8 of the Dungeon)
Scrolls
 f - 4 scrolls of teleportation {unknown}
 k - 5 scrolls of fog
 l - a scroll of magic mapping {!r}
 o - a scroll of acquirement
 p - 3 scrolls of amnesia
 q - a scroll of torment {!r}
 u - 4 scrolls of poison {!r}
 v - 3 scrolls of fear
 w - 2 scrolls of brand weapon {unknown}
 E - a scroll of enchant weapon {unknown}
 G - a scroll of identify {@r1}
 H - a scroll of noise {unknown}
 J - a scroll of enchant armour {unknown}
Potions
 a - a potion of magic
 c - 2 potions of curing {@q1}
 g - a potion of might
 m - 6 potions of flight
 s - 2 potions of attraction {!q}
 x - a potion of mutation {!q}
 z - a potion of haste {forbidden@q3}
 A - a potion of degeneration {unknown}
 B - a potion of berserk rage {unknown}
 D - a potion of cancellation {unknown}
 I - 2 potions of ambrosia {unknown}

Dungeon Overview and Level Annotations

Branches:
Dungeon (8/15) Zot: 39959  Temple (0/1) D:5
   Lair: D:8-11

Altars:
Ashenzari
Cheibriados
Dithmenos
Gozag
Makhleb
Ru
Sif Muna
Trog
Wu Jian
Xom

Annotations:
D:8 Erica

############'#....#####'###...
#.......#...#....#.......#...
#.......'...#....#.......#...
#...##..#...######.......#...
#'####..##..# #..##...#
#...+...##..## #..##...#
#...#....{...+ #...'...#
#...#....#...# #...#...#
#...#....#..@# #...#...#
#...##..###.## ##+###..##
#...##..##### #....#..##
#.........# #....'...#
#.........# #....#...#
#.........# #....#...#
#.........# #....#...#
#...###..## #....####### ###+#
#........ ####.......#


There were no monsters in sight!


Message History

a +0 flail {mace}; an orc corpse You now have 361 gold pieces (gained 16).
You open the door.
Found a stone staircase leading up.
There is an open door here.
There is a stone staircase leading up here.
You open the door.
There is an open door here.
As you open the door, it creaks loudly!
Okay, then.
Unknown command.
There is an open door here.
As you open the door, it creaks loudly!
There is an open door here.
There is an open door here.
Things that are here:
a +0 war axe {axe}; a +0 leather armour; an orc corpse You open the door.
There is an open door here.
There is an open door here.
You open the door.
There is an open door here.
You pick up a book of Unlife and begin reading...
You add the spells Animate Dead, Borgnjor's Vile Clutch and Death Channel to your library.
Okay, then.
m - 6 potions of flight (gained 1)
y - 15 poisoned darts {throwing} (gained 2)
You open the door.
Erica the Fiery-Tempered comes into view.
She is wielding a +1 scimitar of flaming and carrying a wand of acid (11).
Casting: Shock (safe; 1% risk of failure)
Confirm with . or Enter, or press ? or * to list all spells.
Aiming: Airstrike (dangerous; 6% risk of failure)
Press: ? - help, Dir - move target, f - Erica
Aim: Erica, wielding a +1 scimitar of flaming, wearing a +0 robe and carrying a wand of acid (11) (asleep, empty space bonus: 5/8)
The air twists around and strikes Erica!!
Erica shouts!
Erica screams, "Hurry, death AWAITS you!"
Erica gestures at you while chanting.
You resist with significant effort. 😎 MP[-4]
You lost 4 mp, and now have 13/17 mp.
Unknown command.
Casting: Airstrike (dangerous; 6% risk of failure)
Confirm with . or Enter, or press ? or * to list all spells.
Aiming: Airstrike (dangerous; 6% risk of failure)
Press: ? - help, Dir - move target, f/p - Erica
Aim: Erica, wielding a +1 scimitar of flaming, wearing a +0 robe and carrying a wand of acid (11) (moderately wounded, empty space bonus: 5/8)
The air twists around and strikes Erica. 😎 MP[-4]
You lost 4 mp, and now have 9/17 mp.
Casting: Airstrike (dangerous; 6% risk of failure)
Confirm with . or Enter, or press ? or * to list all spells.
Aiming: Airstrike (dangerous; 6% risk of failure)
Press: ? - help, Dir - move target, f/p - Erica
Aim: Erica, wielding a +1 scimitar of flaming, wearing a +0 robe and carrying a wand of acid (11) (moderately wounded, empty space bonus: 7/8)
The air twists around and strikes Erica!!
Erica says, "I'm so much better than you."
Erica casts a spell.
Erica flickers and vanishes!
Deactivating autopickup; reactivate with Ctrl-A. 😎 MP[-4]
You lost 4 mp, and now have 5/17 mp.
You are confused. 😎 MP[+1]
Something tries to affect you, but you resist.
You feel less confused.
You hear a zap.
A bolt of acid appears from out of thin air!
The bolt of acid hits you! The acid corrodes you! 😕 HP[-13]
You take 13 damage, and now have 51/64 hp.
MASSIVE DAMAGE!! (PAUSE) 😕 HP[+1] MP[+1]
You feel yourself slow down.
You feel as though you will be slow longer. 😕 HP[+1] 😕 HP[+1]
Something tries to affect you, but you resist.
You hear a zap.
A bolt of acid appears from out of thin air!
The bolt of acid misses you. 😕 MP[+1]
You open the door. 😕 HP[+1]
You feel as though you will be slow longer.
There is an open door here. 😕 HP[+1]
You are no longer corroded.
Something barely misses you. Something hits you!
Something burns you. 😮 HP[-12] MP[+1]
You take 12 damage, and now have 44/64 hp.
Something closely misses you.
Something tries to affect you, but you resist.
You hear some strange, mumbled words.
A lance of force appears from out of thin air!
The lance of force hits you!!
* * * LOW HITPOINT WARNING * * *
You are knocked back by the lance of force.
You slam into the rock wall!
You die...

Skill      XL: |  1  2  3  4  5  6  7  8  9 |
---------------+----------------------------+-----
Fighting       | 1 2 3 5 7 |  7.2
Conjurations   | 2 3 4 |  4.4
Dodging        | 3 4 5 6 |  6.1
Spellcasting   | 3 4 5 |  5.6
Air Magic      | 4 5 6 |  6.4
Invocations    | 1 2 4 5 |  5.3
Stealth        | |  2.6

Action                   |  1- 3 |  4- 6 |  7- 9 || total
-------------------------+-------+-------+-------++-------
Melee: Unarmed           |     8 |       |       ||     8
       Constrict         |     9 |     9 |    11 ||    29
       Tentacles         |     4 |     6 |    18 ||    28
       War axe           |    13 |       |       ||    13
       Whip              |     2 |       |       ||     2
       Short sword       |       |    30 |    67 ||    97
       Punch             |       |     1 |     1 ||     2
 Cast: Shock             |    49 |   101 |   111 ||   261
       Static Discharge  |     1 |     3 |     6 ||    10
       Airstrike         |       |       |    30 ||    30
  Use: Scroll            |       |     8 |     4 ||    12
       Potion            |       |       |     7 ||     7
 Stab: Sleeping          |     1 |     2 |       ||     3
Armor: Skin              |    11 |     1 |     1 ||    13
Dodge: Dodged            |    52 |    35 |   115 ||   202

Levels and vault maps discovered:
D:1:      nzn_arrival_settlement, layout_basic, minmay_misc_feat_iff,
          minmay_tromino_i4
D:2:      layout_loops_corners, basic_altar, minmay_guardbox, uniq_jessica,
          uniq_natasha
D:3:      layout_rooms, roderic_lattice_a
D:4:      layout_basic, kennysheep_little_box, zin_statuary
D:5:      layout_loops_corners, nicolae_ru_path_of_blood,
          minmay_temple_entry_butterflies, minmay_manual_mares
D:6:      layout_gridville
D:7:      layout_basic, grunt_temple_overflow_champion_of_chaos,
          marbit_many_paths, nicolae_wu_jian_immortal_techniques,
          gammafunk_temple_overflow_claw, uniq_maggie
D:8:      layout_gridville, kennysheep_mini_moat, uniq_erica

Notes
Turn   | Place    | Note
-------+----------+-------------------------------------------
     0 | D:1      | mcwallace the Octopode Air Elementalist began the quest for
                  | the Orb.
     0 | D:1      | Reached XP level 1. HP: 11/11 MP: 3/3
     0 | D:1      | magus.rc [v1.9.6]
    80 | D:1      | Reached XP level 2. HP: 18/18 MP: 1/5
   666 | D:1      | Reached XP level 3. HP: 17/22 MP: 6/6
   695 | D:1      | Reached skill level 1 in Fighting
  1045 | D:1      | Learned a level 2 spell: Static Discharge
  1049 | D:1      | Learned a level 3 spell: Swiftness
  1199 | D:2      | Reached XP level 4. HP: 25/28 MP: 3/7
  1360 | D:2      | Found a snail-covered altar of Cheibriados.
  1381 | D:2      | Reached skill level 2 in Conjurations
  1471 | D:2      | Became a worshipper of Cheibriados the Contemplative
  1506 | D:2      | Noticed Natasha
  1516 | D:2      | Killed Natasha
  1517 | D:2      | Reached XP level 5. HP: 19/34 MP: 2/9
  1696 | D:2      | Reached skill level 3 in Dodging
  1980 | D:2      | Reached skill level 2 in Fighting
  2014 | D:2      | Noticed Jessica
  2027 | D:2      | Killed Jessica
  2379 | D:2      | Reached * piety under Cheibriados
  2470 | D:2      | Noticed Natasha
  2475 | D:2      | Killed Natasha
  2831 | D:3      | Noticed a phantom
  2926 | D:2      | Noticed Natasha
  2930 | D:2      | Killed Natasha
  2931 | D:2      | Reached XP level 6. HP: 33/40 MP: 5/10
  3004 | D:3      | Reached skill level 3 in Spellcasting
  3224 | D:3      | Reached skill level 4 in Air Magic
  3887 | D:4      | Identified a scroll of acquirement
  3991 | D:4      | Reached skill level 1 in Invocations
  3993 | D:4      | Reached ** piety under Cheibriados
  4228 | D:4      | Reached XP level 7. HP: 41/45 MP: 6/12
  4276 | D:4      | Reached skill level 3 in Fighting
  4390 | D:4      | Found a broken altar of Ashenzari.
  4466 | D:5      | Entered Level 5 of the Dungeon
  4665 | D:5      | Reached skill level 4 in Dodging
  4716 | D:5      | Reached skill level 2 in Invocations
  4725 | D:5      | HP: 9/46 [phantom (6)]
  4729 | D:5      | HP: 3/46 [phantom (7)]
  4735 | D:5      | Reached XP level 8. HP: 13/54 MP: 6/13
  5039 | D:5      | Reached skill level 4 in Spellcasting
  5105 | D:5      | Reached skill level 4 in Fighting
  5105 | D:5      | Reached skill level 5 in Air Magic
  5311 | D:5      | Learned a level 4 spell: Airstrike
  5317 | D:5      | Reached skill level 3 in Invocations
  5330 | D:5      | Gained mutation: You expend magic power (3 MP) to
                  | strengthen your wands. [potion of mutation]
  5330 | D:5      | Gained mutation: A frigid envelope surrounds you and
                  | freezes all who hurt you. [potion of mutation]
  5330 | D:5      | Lost mutation: A frigid envelope surrounds you and freezes
                  | all who hurt you. [potion of mutation]
  5330 | D:5      | Gained mutation: Your spells are a little harder to cast,
                  | but a little more powerful. [potion of mutation]
  5331 | D:5      | HP: 20/81 [poisoned by a water moccasin]
  5336 | D:5      | HP: 14/81 [poisoned by a water moccasin]
  5341 | D:5      | HP: 10/81 [poisoned by a water moccasin]
  5348 | D:5      | HP: 7/81 [poisoned by a water moccasin]
  5354 | D:5      | HP: 6/81 [poisoned by a water moccasin]
  5783 | D:5      | Reached skill level 5 in Fighting
  5783 | D:5      | Reached skill level 5 in Dodging
  5965 | D:5      | You pick up a book of Dangerous Friends and begin
                  | reading...
  5965 | D:5      | You add the spells Summon Guardian Golem, Orb of
                  | Destruction and Spellforged Servitor to your library.
  5976 | D:5      | Found a sacrificial altar of Ru.
  6001 | D:5      | Found a staircase to the Ecumenical Temple.
  6256 | D:6      | Reached skill level 3 in Conjurations
  6256 | D:6      | Reached skill level 4 in Invocations
  6461 | D:6      | Reached *** piety under Cheibriados
  6489 | D:6      | Reached XP level 9. HP: 62/62 MP: 9/16
  6919 | D:6      | Reached skill level 6 in Fighting
  6919 | D:6      | Reached skill level 5 in Spellcasting
  7404 | D:6      | Reached skill level 6 in Air Magic
  7562 | D:7      | Noticed Maggie
  7569 | D:7      | Killed Maggie
  7574 | D:7      | Reached skill level 5 in Invocations
  7714 | D:7      | Found an opulent altar of Gozag.
  7714 | D:7      | Found a shimmering blue altar of Sif Muna.
  7715 | D:7      | Found a bloodstained altar of Trog.
  7762 | D:7      | Reached skill level 4 in Conjurations
  7922 | D:7      | Found a shimmering altar of Xom.
  7973 | D:7      | You pick up a book of Displacement and begin reading...
  7973 | D:7      | You add the spells Lesser Beckoning, Gell's Gravitas and
                  | Teleport Other to your library.
  8127 | D:7      | Identified the +1 ring mail of Brilliance {+Blink rF+ rC-
                  | Dex+5}
  8203 | D:7      | Reached **** piety under Cheibriados
  8235 | D:7      | Found an ornate altar of the Wu Jian Council.
  8302 | D:7      | Found a burning altar of Makhleb.
  8460 | D:7      | Reached skill level 7 in Fighting
  8558 | D:7      | Found a shadowy altar of Dithmenos.
  8648 | D:8      | Reached skill level 6 in Dodging
  8990 | D:8      | You pick up a book of Unlife and begin reading...
  8990 | D:8      | You add the spells Animate Dead, Borgnjor's Vile Clutch and
                  | Death Channel to your library.
  9014 | D:8      | Noticed Erica
  9031 | D:8      | HP: 15/64 [something/lance of force (30)]
  9031 | D:8      | Collided with a rock wall

Vanquished Creatures
  Maggie (D:7)
  5 water moccasins
  3 ice beasts
  A black bear (D:6)
  2 ogres
  2 centaurs (D:5)
  2 phantoms
  A kobold brigand (D:7)
  3 bullfrogs
  2 scorpions (D:6)
  5 wights
  3 howler monkeys (D:7)
  A crimson imp (D:7)
  2 hounds
  A gnoll bouda (D:4)
  A jelly (D:6)
  3 orc priests
  Jessica (D:2)
  3 iguanas
  Natasha (thrice) (D:2)
  4 gnolls (D:4)
  6 adders
  A white imp (D:7)
  An ufetubus (D:7)
  4 worms
  2 dart slugs
  18 orcs
  10 bats
  11 endoplasms
  6 giant cockroaches
  8 goblins
  8 hobgoblins
  12 kobolds
  4 quokkas
  7 ball pythons
  11 rats
  A butterfly (D:5)
159 creatures vanquished.

Table legend:
 A = Non-vault XP
 B = Vault XP
 C = Vault XP percentage of total XP
 D = Non-vault monster count
 E = Vault monster count
 F = Vault count percentage of total count
                 A         B        C        D         E       F
            +---------+---------+-------+---------+---------+-------
      Total |    3481 |     886 |  20.3 |     136 |      22 |  13.9
            +---------+---------+-------+---------+---------+-------
        D:1 |      44 |      22 |  33.3 |      24 |       6 |  20.0
        D:2 |     178 |      87 |  32.8 |      27 |      11 |  28.9
        D:3 |     135 |       0 |   0.0 |      11 |       0 |   0.0
        D:4 |     210 |       0 |   0.0 |      19 |       0 |   0.0
        D:5 |    1135 |     222 |  16.4 |      19 |       2 |   9.5
        D:6 |    1039 |       0 |   0.0 |      15 |       0 |   0.0
        D:7 |     446 |     555 |  55.4 |      14 |       3 |  17.6
        D:8 |     294 |       0 |   0.0 |       7 |       0 |   0.0
            +---------+---------+-------+---------+---------+-------

Illustrated notes

Table legend:
 A = Kills in this place as a percentage of kills in entire the game.
 B = Kills by you in this place as a percentage of kills by you in the entire game.
 C = Kills by friends in this place as a percentage of kills by friends in the entire game.
 D = Other kills in this place as a percentage of other kills in the entire game.
 E = Experience gained in this place as a percentage of experience gained in the entire game.
 F = Experience gained in this place divided by the number of levels of this place that you have seen.
                   A       B       C       D       E      F
               +-------+-------+-------+-------+-------+----------------------
         Total | 100.0 | 100.0 |   N/A |   N/A | 100.0 | 545.9
       Dungeon | 100.0 | 100.0 |   N/A |   N/A | 100.0 | 545.9
               +-------+-------+-------+-------+-------+----------------------

Table legend: (Time is in decaauts)
 A = Elapsed time spent in this place.
 B = Non-inter-level travel time spent in this place.
 C = Inter-level travel time spent in this place.
 D = Time resting spent in this place.
 E = Time spent auto-exploring this place.
 F = Levels seen in this place.
 G = Mean time per level.
                   A        B        C        D        E       F      G
               +--------+--------+--------+--------+--------+-----+--------+
         Total |  11204 |  10465 |    739 |    574 |   8779 |   8 | 1400.5 |
       Dungeon |  11204 |  10465 |    739 |    574 |   8779 |   8 | 1400.5 |
               +--------+--------+--------+--------+--------+-----+--------+

Top non-repeatable levels by time:
     D:5: 2165 daAuts
     D:2: 2156 daAuts
     D:6: 1668 daAuts
     D:7: 1608 daAuts
     D:1: 1185 daAuts
     D:3: 1059 daAuts
     D:4: 821 daAuts
     D:8: 539 daAuts
